 Dungeon Crawl Stone Soup version 0.19.1 (console) character file.

74952 Kloppie the Bludgeoner (level 15, -11/207 HPs)
             Began as a Demonspawn Berserker on Nov 23, 2016.
             Was a High Priest of Trog.
             Mangled by an orc knight
             ... wielding a +0 halberd
              (19 damage)
             ... in a bailey.
             The game lasted 00:54:31 (30655 turns).

Kloppie the Bludgeoner (Demonspawn Berserker)      Turns: 30655, Time: 00:54:32

Health: -11/207    AC: 21    Str: 18    XL:     15   Next: 8%
Magic:  0/24       EV: 12    Int:  9    God:    Trog [*****.]
Gold:   457        SH:  6    Dex: 22    Spells: 0 memorised, 14 levels left

rFire  + + .     SeeInvis .     b - +1 demon whip (freeze)
rCold  + + .     Gourm    +     p - +3 chain mail {rC+}
rNeg   + . .     Faith    .     n - +0 buckler
rPois  +         Spirit   +     T - +0 helmet
rElec  +         Reflect  .     O - +0 cloak
rCorr  .         Harm     .     (gloves unavailable)
MR     +++..                    M - +2 pair of boots
Stlth  ..........               F - amulet of the gourmand
                                i - ring of Agnosticism {rElec rPois rN+ MP+9 Stlth-}
                                v - ring of False Pretenses {rPois rF++ rC+ Str-5 Dex+4}

@: mighty, berserking, regenerating, very quick
A: claws 3, talons 1, foul stench 2, sense surroundings 1, robust 1, magic
shield, magic regeneration, rot immunity, sturdy frame 3
a: Berserk, Trog's Hand, Brothers in Arms, Burn Spellbooks, Renounce Religion


You were in a bailey.
You worshipped Trog.
Trog was extremely pleased with you.
You were very full.

You visited 3 branches of the dungeon, and saw 19 of its levels.
You also visited: Labyrinth, Sewer, Bailey and Ice Cave.

You collected 1840 gold pieces.
You spent 1383 gold pieces at shops.

Inventory:

Hand Weapons
 a - the +5 morningstar of Obsession {protect, Dex+4}
   (You found it on level 6 of the Lair of Beasts)

   It protects the one who uses it against injury (+AC on strike).
   It affects your dexterity (+4).
 b - a +1 demon whip of freezing (weapon)
 o - a +1 antimagic great mace
 K - a +4 antimagic great mace
Armour
 n - a +0 buckler (worn)
 p - a +3 chain mail of cold resistance (worn)
 M - a +2 pair of boots (worn)
 O - a +0 cloak (worn)
 T - a +0 helmet (worn)
Jewellery
 d - a +3 ring of evasion
 i - the ring of Agnosticism (right claw) {rElec rPois rN+ MP+9 Stlth-}
   (You bought it in a shop on level 2 of the Orcish Mines)

   [ring of magical power]

   It insulates you from electricity.
   It protects you from poison.
   It protects you from negative energy.
   It affects your magic capacity (+9).
   It makes you less stealthy.
 k - an uncursed ring of fire
 v - the ring of False Pretenses (left claw) {rPois rF++ rC+ Str-5 Dex+4}
   (You bought it in a shop on level 2 of the Orcish Mines)

   [ring of protection from cold]

   It affects your strength (-5).
   It affects your dexterity (+4).
   It greatly protects you from fire.
   It protects you from cold.
   It protects you from poison.
 x - an uncursed ring of see invisible
 C - an uncursed ring of positive energy {unknown}
 D - an uncursed amulet of regeneration {unknown}
 F - an amulet of the gourmand (around neck)
Wands
 h - a wand of iceblast (11/15)
 E - a wand of lightning (8/15)
 P - a wand of confusion (25/48)
Scrolls
 e - 2 scrolls of enchant armour
 f - 2 scrolls of blinking
 s - 5 scrolls of teleportation
 y - 2 scrolls of magic mapping
 G - a scroll of summoning
 I - 2 scrolls of fog
 L - a scroll of recharging
 N - 3 scrolls of enchant weapon
 U - 2 scrolls of fear
Potions
 g - 4 potions of mutation
 j - 2 potions of haste
 q - 5 potions of curing
 r - 2 potions of berserk rage
 t - 2 potions of flight
 u - 2 potions of magic
 w - 2 potions of agility
 A - 5 potions of brilliance
 B - 5 potions of heal wounds
 H - 5 potions of might
 J - 3 potions of lignification
 R - 2 potions of invisibility
 V - a potion of resistance {unknown}
Comestibles
 c - 11 bread rations
 l - 10 slices of pizza
 m - 12 fruits
 z - 4 beef jerkies
 Q - 29 chunks of flesh


   Skills:
 + Level 14.0 Fighting
 - Level 16.9 Maces & Flails
 + Level 10.9 Armour
 - Level 3.9 Dodging
 - Level 4.0 Shields


You had 14 spell levels left.
You didn't know any spells.

Dungeon Overview and Level Annotations

Branches:
Dungeon (11/15)            Temple (0/1) D:6            Lair (6/6) D:9
  Swamp (0/4) Lair:3        Snake (0/4) Lair:3        Slime (0/5) Lair:6
    Orc (2/2) D:9             Elf (0/3) Orc:2

Altars:
Ashenzari
Dithmenos
Gozag
Kikubaaqudgha
Makhleb
Nemelex Xobeh
Okawaru
Qazlal
Ru
Trog
Uskayaw
Vehumet
Xom
Yredelemnul
The Shining One
Beogh

Shops:
D:4 (*%   D:8 %   D:9 %   D:10 ((=   Orc:1 }   Orc:2 =*[(

Portals:
Trove: D:10 (give +3 storm dragon scales)


Innate Abilities, Weirdness & Mutations

You have claws for hands.
You frequently emit foul miasma when damaged in melee.
When hurt, damage is shared between your health and your magic reserves.
You regenerate magic rapidly.
You are immune to rotting.
Your movements are significantly less encumbered by armour. (ER -6)
You have sharp toenails.
You passively map a small area around you.
You are robust. (+10% HP)


Message History

Trog accepts your kill.
The orc knight hits you from afar with a glaive!!
* * * LOW HITPOINT WARNING * * *
Your deep troll closely misses the orc warrior. x2
Your deep troll claws the orc warrior!!
You block the orc knight's attack.
There is an open gate, spattered with blood here.
You whack the orc warrior! You freeze the orc warrior.
You kill the orc warrior!
Trog accepts your kill.
The orc warrior hits you from afar with a glaive.
* * * LOW HITPOINT WARNING * * *
A red film seems to cover your vision as you go berserk!
You feel yourself moving faster!
You feel mighty!
Your deep troll bites the orc knight!!
Your deep troll claws the orc knight!!
Your deep troll closely misses the orc knight.
The orc hits you but does no damage.
The orc warrior hits you but does no damage.
The orc knight hits your deep troll with a glaive!!
The orc knight hits you from afar with a halberd!!
You die...

#.......#
##.....##
##'''##
#.....#
#.....#
#.....#
#.....#
#.....#
##''@##
##.oT).##
#..oooo.#
#...oo..#
#.......#
#.......#
#.......#
##.....##
#+++++#


You could see 2 orc knights, 2 orc warriors, 3 orcs and a friendly deep troll
(berserk).

Vanquished Creatures
  A sphinx (D:10)
  Kirke (Lair:4)
  2 orc warlords
  A minotaur (Lab)
  A fire dragon (Lair:6)
  5 hydras
  Erica (Orc:1)
  Erolcha (D:11)
  A vault guard (D:10)
  Urug (Orc:1)
  5 orc high priests
  Nergalle (D:11)
  The ghost of Kwzr the Protected, a novice TeWr of Hepliaklqana (Lair:1)
  2 unseen horrors (D:10)
  A lindwurm (Lair:6)
  2 hill giants
  6 orc knights
  3 orc sorcerers
  3 deep elf magi (D:10)
  3 ugly things
  2 ice statues (IceCv)
  2 molten gargoyles (Lair:6)
  Joseph (Lair:1)
  16 elephants
  8 black mambas
  A gargoyle (D:10)
  A torpor snail (Lair:2)
  11 spiny frogs
  2 rime drakes
  7 komodo dragons
  8 trolls
  Grinder (D:4)
  2 two-headed ogres
  2 polar bears
  12 blink frogs
  A dream sheep (shapeshifter) (D:10)
  A hornet (D:10)
  7 hippogriffs
  6 dream sheep (Lair:6)
  2 redbacks (Lab)
  A shadow (D:10)
  A wyvern (Lair:6)
  2 wraiths
  35 yaks
  A vampire (D:10)
  A hill giant zombie (D:9)
  6 basilisks
  2 humans
  3 hogs
  3 hungry ghosts
  2 steam dragons
  2 insubstantial wisps (D:11)
  5 wargs
  3 nagas (Lair:3)
  5 hell hounds (Lair:6)
  14 water moccasins
  15 porcupines
  4 sky beasts
  A hornet zombie (D:9)
  6 ice beasts (IceCv)
  An eye of draining (D:10)
  37 orc warriors
  A black bear (D:11)
  4 centaurs
  10 ogres
  A phantom (D:9)
  16 wolves
  14 crocodiles
  6 big kobolds
  7 bullfrogs
  3 scorpions
  2 troll zombies (D:9)
  7 wights
  7 killer bees
  8 howler monkeys
  7 crimson imps
  5 lava snakes (Lair:6)
  6 jellies
  A quasit (D:9)
  A bullfrog zombie (D:10)
  3 centaur zombies
  A centaur skeleton (D:8)
  4 hounds
  10 orc priests
  A bullfrog skeleton (D:10)
  20 orc wizards
  Terence (D:3)
  7 iguanas
  10 worker ants
  A killer bee zombie (D:6)
  3 ogre zombies (D:9)
  2 hound skeletons
  A hound zombie (D:10)
  2 worker ant zombies
  12 gnolls
  27 adders
  3 river rats (Sewer)
  4 shadow imps
  4 oozes
  An adder zombie (D:8)
  An adder skeleton (D:7)
  7 worms
  5 dart slugs
  6 leopard geckos
  94 orcs
  6 ball pythons
  8 giant cockroaches
  5 goblins
  6 hobgoblins
  9 jackals
  20 kobolds
  5 quokkas
  A ball python skeleton (D:5)
  4 bats
  8 frilled lizards
  3 goblin zombies (D:9)
  A hobgoblin skeleton (D:9)
  A hobgoblin zombie (D:9)
  4 orc skeletons (D:9)
  10 orc zombies (D:9)
  2 quokka skeletons (D:4)
  19 rats
733 creatures vanquished.

Vanquished Creatures (collateral kills)
  A molten gargoyle (Lair:6)
  A komodo dragon (Lair:6)
  3 blink frogs (Lair:2)
  A basilisk (Lair:6)
  4 orcs (Bailey)
  A ball python skeleton (D:4)
11 creatures vanquished.

Vanquished Creatures (others)
  3 humans (Lair:4)
  2 sky beasts (D:11)
  3 wights (D:11)
  18 fungi
  10 plants
36 creatures vanquished.

Grand Total: 780 creatures vanquished

Notes
Turn   | Place    | Note
-------+----------+-------------------------------------------
     0 | D:1      | Kloppie the Demonspawn Berserker began the quest for the Orb.
     0 | D:1      | Reached XP level 1. HP: 18/18 MP: 1/1
    25 | D:1      | Reached skill level 3 in Maces & Flails
   160 | D:1      | Gained mutation: You are immune to rotting. [demonic ancestry]
   160 | D:1      | Reached XP level 2. HP: 15/24 MP: 2/2
   691 | D:1      | Gained mutation: You have sharp fingernails. [demonic ancestry]
   691 | D:1      | Reached XP level 3. HP: 24/29 MP: 3/3
  1058 | D:2      | Found a faded altar of an unknown god.
  1399 | D:2      | Reached skill level 4 in Maces & Flails
  1697 | D:2      | Found a sparkling altar of Nemelex Xobeh.
  1708 | D:2      | Reached ** piety under Trog
  1885 | D:2      | Reached XP level 4. HP: 34/35 MP: 4/4
  1968 | D:3      | Found a shadowy altar of Dithmenos.
  2047 | D:3      | Noticed Terence
  2064 | D:3      | Killed Terence
  2887 | D:3      | Reached XP level 5. HP: 27/42 MP: 5/5
  3322 | D:4      | Reached skill level 5 in Maces & Flails
  3599 | D:4      | Noticed an ogre
  3607 | D:4      | Killed an ogre
  3607 | D:4      | Gained mutation: When hurt, damage is shared between your health and your magic reserves. [demonic ancestry]
  3607 | D:4      | Reached XP level 6. HP: 35/49 MP: 6/6
  3787 | D:4      | Found Hoprom's Food Shoppe.
  3807 | D:4      | Reached *** piety under Trog
  3844 | D:4      | Reached skill level 6 in Maces & Flails
  3892 | D:4      | Found a radiant altar of Vehumet.
  3919 | D:4      | Noticed Grinder
  3929 | D:4      | Killed Grinder
  3929 | D:4      | Reached skill level 5 in Fighting
  3929 | D:4      | Gained mutation: You have very sharp fingernails. [demonic ancestry]
  3929 | D:4      | Reached XP level 7. HP: 56/56 MP: 4/7
  3983 | D:4      | Found Fiuru's Assorted Antiques.
  3991 | D:4      | Bought a scroll labeled IHEASA ZIRANK for 28 gold pieces
  3991 | D:4      | Bought a scroll labeled CUSMEFAH HURI for 28 gold pieces
  3991 | D:4      | Bought a scroll labeled ABESCHU GAEP for 28 gold pieces
  3991 | D:4      | Bought a scroll labeled ANIPUUTUFY for 28 gold pieces
  3991 | D:4      | Bought 3 scrolls labeled TETOTAOZOG for 84 gold pieces
  4052 | D:4      | Found a shattered altar of Ashenzari.
  4094 | D:4      | Found Egimekue's Weapon Boutique.
  4274 | D:5      | Entered Level 5 of the Dungeon
  4541 | D:5      | Reached skill level 7 in Maces & Flails
  4772 | D:5      | Found a glowing golden altar of the Shining One.
  5001 | D:5      | Found a bloodstained altar of Trog.
  5013 | D:5      | Found a burning altar of Makhleb.
  5013 | D:5      | Found a shimmering altar of Xom.
  5032 | D:5      | Reached XP level 8. HP: 56/62 MP: 8/8
  5119 | D:5      | Found an ancient bone altar of Kikubaaqudgha.
  5309 | D:6      | Reached skill level 8 in Maces & Flails
  5599 | D:6      | Reached **** piety under Trog
  5656 | D:6      | Found a staircase to the Ecumenical Temple.
  5773 | D:6      | Found a glowing drain.
  5830 | Sewer    | Entered a sewer
  6132 | Sewer    | Reached skill level 9 in Maces & Flails
  6462 | D:6      | Found a hide-covered altar of Uskayaw.
  6462 | D:6      | Found an iron altar of Okawaru.
  6829 | D:7      | Gained mutation: Your movements are slightly less encumbered by armour. (ER -2) [demonic ancestry]
  6829 | D:7      | Reached XP level 9. HP: 53/68 MP: 9/9
  6905 | D:7      | Reached ***** piety under Trog
  7011 | D:7      | Reached skill level 1 in Shields
  7027 | D:7      | Found a radiant altar of Vehumet.
  7182 | D:7      | Found a stormy altar of Qazlal.
  7422 | D:8      | Reached skill level 10 in Maces & Flails
  7721 | D:8      | Reached skill level 11 in Maces & Flails
  7926 | D:8      | Reached XP level 10. HP: 57/74 MP: 10/10
  7947 | D:8      | Found a basalt altar of Yredelemnul.
  8009 | D:8      | Found a sacrificial altar of Ru.
  8031 | D:8      | Found Kisix's Food Shop.
  8461 | D:9      | Found Keruad's Food Boutique.
  9135 | D:9      | Received a gift from Trog
  9353 | D:9      | Found a staircase to the Orcish Mines.
  9393 | D:9      | Noticed an elephant
  9394 | D:9      | Reached skill level 12 in Maces & Flails
  9975 | D:9      | Found a staircase to the Lair.
 10315 | D:9      | Received a gift from Trog
 10480 | D:9      | Killed an elephant
 10897 | D:10     | Entered Level 10 of the Dungeon
 11114 | D:10     | Noticed a seven-headed hydra
 11127 | D:10     | Killed a seven-headed hydra
 11127 | D:10     | Reached skill level 13 in Maces & Flails
 11127 | D:10     | Gained mutation: You may emit foul miasma when damaged in melee. [demonic ancestry]
 11127 | D:10     | Reached XP level 11. HP: 40/85 MP: 3/11
 11305 | D:10     | Paralysed by a hornet for 3 turns
 11306 | D:10     | Noticed a deep elf mage
 11309 | D:10     | Noticed a sphinx
 11311 | D:10     | Paralysed by a sphinx for 7 turns
 11691 | Lair:1   | Entered Level 1 of the Lair of Beasts
 12036 | Lair:1   | Noticed Kwzr's ghost (novice TeWr)
 12066 | Lair:1   | Killed Kwzr's ghost
 12383 | Lair:1   | Noticed Joseph
 12398 | Lair:1   | Killed Joseph
 13579 | Lair:2   | Reached skill level 14 in Maces & Flails
 14477 | Lair:3   | Found a staircase to the Snake Pit.
 14799 | Lair:3   | Found a labyrinth entrance.
 14808 | Lab      | Entered a labyrinth
 16024 | Lab      | Noticed a minotaur
 16032 | Lab      | Killed a minotaur
 16032 | Lab      | Gained mutation: Your movements are less encumbered by armour. (ER -4) [demonic ancestry]
 16032 | Lab      | Reached XP level 12. HP: 87/96 MP: 6/12
 16065 | Lab      | Identified the Tome of the Thoughtful Seas
 16067 | Lab      | Got a shimmering ring mail
 16115 | Lair:3   | Identified the cursed +0 ring mail "Kuthrez" {rF++ rC- Dex+4} (You found it in a labyrinth)
 16253 | Lair:3   | Reached skill level 5 in Armour
 16818 | Lair:3   | Found a staircase to the Swamp.
 17001 | Lair:3   | Reached skill level 10 in Fighting
 17645 | Lair:4   | Noticed Kirke
 17664 | Lair:4   | Killed Kirke
 17664 | Lair:4   | Received a gift from Trog
 18526 | Lair:5   | Noticed a four-headed hydra
 18537 | Lair:5   | Killed a four-headed hydra
 18857 | Lair:5   | Upgraded the game from 0.19.0-24-gb05acd6 to 0.19.1
 18985 | Orc:1    | Entered Level 1 of the Orcish Mines
 19123 | Orc:1    | Noticed Erica
 19136 | Orc:1    | Killed Erica
 19136 | Orc:1    | Gained mutation: You have claws for hands. [demonic ancestry]
 19136 | Orc:1    | Reached XP level 13. HP: 106/106 MP: 9/13
 19207 | Orc:1    | Found a roughly hewn altar of Beogh.
 19207 | Orc:1    | Noticed Urug
 19221 | Orc:1    | Killed Urug
 19440 | Orc:1    | Found Godinn's Gadget Emporium.
 19499 | Orc:1    | Noticed an orc warlord
 19567 | Orc:1    | Killed an orc warlord
 19896 | Orc:1    | Reached skill level 10 in Armour
 19905 | Orc:1    | Reached ****** piety under Trog
 21101 | Orc:1    | Paralysed by an orc sorcerer for 5 turns
 21325 | Lair:6   | Entered Level 6 of the Lair of Beasts
 21353 | Lair:5   | HP: 5/160 [seven-headed hydra (10)]
 22294 | Lair:6   | Found an opulent altar of Gozag.
 23201 | Lair:6   | Found a staircase to the Slime Pits.
 23284 | Lair:6   | Reached skill level 15 in Maces & Flails
 23298 | Lair:6   | HP: 3/108 [molten gargoyle/morningstar (7)]
 24161 | Lair:6   | Received a gift from Trog
 24816 | Lair:6   | Gained mutation: You frequently emit foul miasma when damaged in melee. [demonic ancestry]
 24816 | Lair:6   | Reached XP level 14. HP: 77/116 MP: 2/14
 25451 | Lair:6   | Got a jewelled morningstar
 25452 | Lair:6   | Identified the +5 morningstar of Obsession {protect, Dex+4} (You found it on level 6 of the Lair of Beasts)
 25793 | Lair:6   | Found a large runed door.
 25793 | Lair:6   | Found a large runed door.
 26815 | Lair:6   | Reached skill level 16 in Maces & Flails
 27076 | Orc:2    | Entered Level 2 of the Orcish Mines
 27356 | Orc:1    | Paralysed by an orc sorcerer for 6 turns
 27387 | Orc:1    | Received a gift from Trog
 27615 | Orc:2    | Found Boint's Jewellery Emporium.
 27870 | Orc:2    | Bought the ring of Agnosticism {rElec rPois rN+ MP+9 Stlth-} for 492 gold pieces
 27870 | Orc:2    | Bought a cursed amulet of inaccuracy for 24 gold pieces
 27943 | Orc:2    | Noticed an orc warlord
 28026 | Orc:2    | Found Ikore's General Store.
 28445 | Orc:2    | Bought a scroll of identify for 26 gold pieces
 28445 | Orc:2    | Bought a scroll of identify for 26 gold pieces
 28456 | Orc:2    | Found Xoboc's Antique Armour Boutique.
 28476 | Orc:2    | Found a staircase to the Elven Halls.
 28835 | Orc:2    | Killed an orc warlord
 29175 | Orc:2    | Found Edal's Antique Weapon Shop.
 29264 | Orc:2    | Bought the ring of False Pretenses {rPois rF++ rC+ Str-5 Dex+4} for 619 gold pieces
 29320 | D:10     | Found a shimmering altar of Xom.
 29350 | D:10     | Found Amom's Antique Weapon Emporium.
 29353 | D:10     | Found Metiam's Weapon Shop.
 29459 | D:10     | Killed a sphinx
 29553 | D:10     | Gained mutation: You passively map a small area around you. [potion of beneficial mutation]
 29554 | D:10     | Gained mutation: Your movements are significantly less encumbered by armour. (ER -6) [potion of beneficial mutation]
 29555 | D:10     | Gained mutation: You have sharp toenails. [potion of beneficial mutation]
 29771 | D:10     | Found Vizosot's Jewellery Emporium.
 29816 | D:10     | Found a portal to a secret trove of treasure.
 29836 | D:10     | Received a gift from Trog
 30034 | D:11     | Noticed Erolcha
 30046 | D:11     | Killed Erolcha
 30117 | D:11     | Found a frozen archway.
 30131 | IceCv    | Entered an ice cave
 30230 | IceCv    | Gained mutation: You regenerate magic rapidly. [demonic ancestry]
 30230 | IceCv    | Reached XP level 15. HP: 96/125 MP: 6/15
 30353 | D:11     | Noticed Nergalle
 30388 | D:11     | Killed Nergalle
 30477 | D:11     | Found a flagged portal.
 30494 | Bailey   | Entered a bailey
 30641 | Bailey   | Gained mutation: You are robust. (+10% HP) [potion of beneficial mutation]
 30654 | Bailey   | HP: 4/138 [orc warrior/glaive (5)]
 30655 | Bailey   | Mangled by an orc knight

Skill      XL: |  1  2  3  4  5  6  7  8  9 10 11 12 13 14 15 |
---------------+----------------------------------------------+-----
Maces & Flails | 3 4 5 6 7 9 11 13 14 15 16 | 16.9
Fighting       | 4 5 7 9 11 12 13 14 | 14.0
Armour         | 2 4 9 10 | 10.9
Shields        | 4 |  4.0
Dodging        | 3 |  3.9

Action                   |  1- 3 |  4- 6 |  7- 9 | 10-12 | 13-15 || total
-------------------------+-------+-------+-------+-------+-------++-------
Melee: Mace              |   114 |   163 |   481 |       |       ||   758
       Flail             |       |    11 |   204 |  1124 |   511 ||  1850
       Great mace        |       |       |       |       |   109 ||   109
       Morningstar       |       |       |       |       |   652 ||   652
       Demon whip        |       |       |       |       |    33 ||    33
Invok: Berserk           |     2 |     6 |     7 |    19 |    25 ||    59
       Trog's Hand       |       |       |     1 |     2 |    10 ||    13
       Brothers in Arms  |       |       |       |     1 |     2 ||     3
Evoke: Wand              |       |       |       |     4 |       ||     4
  Use: Scroll            |       |     1 |    14 |    13 |     9 ||    37
       Potion            |       |       |       |       |     7 ||     7
 Stab: Sleeping          |       |     1 |       |       |       ||     1
       Distracted        |       |       |       |     1 |       ||     1
  Eat: Chunk             |     5 |    12 |    25 |    35 |    65 ||   142
       Meat ration       |       |       |       |     4 |     1 ||     5
       Beef jerky        |       |       |       |     1 |       ||     1
       Bread ration      |       |       |       |       |     2 ||     2
Armor: Animal skin       |     3 |       |       |       |       ||     3
       Leather armour    |    12 |    20 |       |       |       ||    32
       Chain mail        |       |    37 |   292 |   222 |   241 ||   792
       Ring mail         |       |       |       |    68 |    72 ||   140
       Plate armour      |       |       |       |       |   283 ||   283
Dodge: Dodged            |    80 |    99 |   323 |   489 |   783 ||  1774
Block: Buckler           |     4 |    21 |    89 |   228 |   274 ||   616
